 Dungeon Crawl Stone Soup version 0.15.2 (webtiles) character file.

77 RottenBandages the Insei (level 4, -3/35 HPs)
             Began as a Mummy Monk on Oct 28, 2015.
             Killed by divine providence
             ... invoked by an orc priest
              (12 damage)
             ... on Level 3 of the Dungeon.
             The game lasted 00:02:34 (1882 turns).

RottenBandages the Insei (Mummy Monk)               Turns: 1882, Time: 00:02:34

HP  -3/35        AC  6     Str 14      XL: 4   Next: 13%
MP   0/4         EV 12     Int  9      God:
Gold 138         SH  0     Dex 15      Spells:  0 memorised,  3 levels left

rFire  x . .     SeeInvis .       - Unarmed
rCold  + . .     Clarity  .     c - +0 leather armour (curse)
rNeg   + + +     rCorr    .     (no shield)
rPois  +         rRot     +     (no helmet)
rElec  .         Spirit   +     (no cloak)
SustAb .         Warding  .     k - +2 pair of gloves
rMut   .         Stasis   .     (no boots)
Gourm  .                        d - amulet of guardian spirit
MR     .....                    (no ring)
                                (no ring)

@: not resistant to hostile enchantments, unstealthy
A: no food or potions, fire vulnerability, restore body, cold resistance 1,
negative energy resistance 3, poison resistance, torment resistance, unbreathing
a: no special abilities


You were on level 3 of the Dungeon.
You were not hungry.

You visited 1 branch of the dungeon, and saw 4 of its levels.

You collected 138 gold pieces.


Innate Abilities, Weirdness & Mutations

You do not eat or drink.
Your flesh is vulnerable to fire.
Your flesh is cold resistant.
You are immune to negative energy.
Your system is resistant to poisons.
You are immune to unholy pain and torment.
You can survive without breathing.


   Skills:
 - Level 3.0 Fighting
 - Level 2.4 Dodging
 - Level 1.5 Stealth
 + Level 4.7 Unarmed Combat


You had 3 spell levels left.
You didn't know any spells.

Inventory:

Missiles
 g - 19 poisoned needles (quivered)
Armour
 a - a +0 robe
 c - a cursed +0 leather armour (worn)
 k - a +2 pair of gloves (worn)
Scrolls
 b - 3 scrolls of identify {unknown}
 e - 2 scrolls of remove curse {unknown}
 f - a scroll of amnesia {unknown}
 h - a scroll of enchant armour {unknown}
 i - a scroll of immolation {unknown}
Jewellery
 d - an amulet of guardian spirit (around neck)
 j - an uncursed ring of ice

Dungeon Overview and Level Annotations

Branches:
Dungeon (4/15)
 Temple: D:4-7

Altars:
Kikubaaqudgha
Sif Muna

Annotations:
D:4 exclusion: zombie

############
#.....(....#
#..%.......#############
#...>.................o)
#..).......#############
#......M...#
....%..ooh..#
..............# .
.............#
..........[.#
...........# .........'
........# ...


You could see an orc priest, an orc and a jackal.


Message History

The orc priest hits you but does no damage.
You completely miss the orc priest.
The orc priest is lightly wounded.
The jackal bites you but does no damage.
The orc hits you with a short sword. The jackal barely misses you.
You hit the orc priest but do no damage.
The orc priest is lightly wounded.
The orc priest closely misses you. The jackal closely misses you.
The orc hits you with a short sword.
* * * LOW HITPOINT WARNING * * *
You closely miss the orc priest.
The orc priest is lightly wounded.
The jackal closely misses you.
The orc priest hits you but does no damage.
The orc misses you.
You hit the orc priest but do no damage.
The orc priest is lightly wounded.
The jackal barely misses you. The orc barely misses you.
The orc priest barely misses you.
You closely miss the orc priest.
The orc priest is lightly wounded.
The jackal closely misses you.
The jackal bites you but does no damage.
The orc hits you with a short sword.
* * * LOW HITPOINT WARNING * * *
You barely miss the orc priest.
The orc priest is lightly wounded.
The orc priest calls down the wrath of Beogh upon you.
Something smites you!
You die...

Action                   |  1- 3 |  4- 6 || total
-------------------------+-------+-------++-------
Melee: Unarmed           |   173 |    19 ||   192
 Stab: Sleeping          |     2 |       ||     2

Vault maps used:
D:1:      ldierk_water_garden
D:3:      minmay_fountain_box
D:4:      lemuel_doored_altar, gammafunk_temple_overflow_statue, minivault_25,
          nemelex_altar_shiori

Notes
Turn   | Place    | Note
--------------------------------------------------------------
     0 | D:1      | RottenBandages, the Mummy Monk, began the quest for the Orb.
     0 | D:1      | Reached XP level 1. HP: 18/18 MP: 1/1
    18 | D:1      | HP: 1/18 [giant gecko (2)]
   353 | D:1      | Reached XP level 2. HP: 18/24 MP: 2/2
   680 | D:2      | Reached skill level 4 in Unarmed Combat
   741 | D:2      | Reached XP level 3. HP: 29/29 MP: 3/3
  1803 | D:4      | Found a deep blue altar of Sif Muna.
  1803 | D:4      | Found an ancient bone altar of Kikubaaqudgha.
  1822 | D:4      | Noticed an ogre
  1849 | D:3      | Reached XP level 4. HP: 28/35 MP: 2/4
  1882 | D:3      | Killed from afar by an orc priest

Vanquished Creatures
  2 adders
  2 worms (D:2)
  2 giant geckos
  3 orcs
  2 giant cockroaches
  A goblin (D:1)
  7 hobgoblins
  3 quokkas
  8 bats
  9 giant newts
  3 kobolds (D:2)
  2 rats (D:2)
44 creatures vanquished.

Vanquished Creatures (others)
  4 toadstools (D:1)
4 creatures vanquished.

Grand Total: 48 creatures vanquished
